 Dungeon Crawl Stone Soup version 0.28.0 (webtiles) character file.

Game seed: 10348620080704132671

220 Flippered the Firebug (level 5, -15/38 (40) HPs)
             Began as a Hill Orc Fire Elementalist on Feb 18, 2022.
             Was an Initiate of Beogh.
             Demolished by Crazy Yiuf (17 damage)
             ... on level 2 of the Dungeon.
             The game lasted 00:04:44 (1339 turns).

Flippered the Firebug (Hill Orc Fire Elementalist)  Turns: 1339, Time: 00:04:44

HP:   -15/38 (40)   AC:  5    Str: 17    XL:     5   Next: 97%
MP:   16/16         EV: 10    Int: 17    God:    Beogh [......]
Gold: 74            SH:  0    Dex: 11    Spells: 4/7 levels left

rFire   . . .      SeeInvis .   m - +0 hand axe
rCold   . . .      Faith    .   (no shield)
rNeg    . . .      Spirit   .   b - +0 ring mail
rPois   .          Reflect  .   (no helmet)
rElec   .          Harm     .   (no cloak)
rCorr   .          Rampage  .   (no gloves)
Will    .....                   (no boots)
Stlth   +.........              (no amulet)
HPRegen 0.12/turn               l - ring of magical power
MPRegen 0.15/turn               j - +6 ring of strength

@: lethally poisoned (-15 -> -28), hasted, drained, very quick
A: no striking features
a: Renounce Religion


You were on level 2 of the Dungeon.
You worshipped Beogh.
Beogh was noncommittal.
You visited 1 branch of the dungeon, and saw 2 of its levels.

You collected 74 gold pieces.

Inventory:

Hand Weapons
 m - a +0 hand axe (weapon)
Missiles
 d - 8 poisoned darts
 h - a throwing net
Armour
 b - a +0 ring mail (worn)
Jewellery
 j - a +6 ring of strength (right hand)
 l - a ring of magical power (left hand)
Wands
 g - a wand of digging (3)
Scrolls
 a - 2 scrolls of identify {unknown}
 c - a scroll of fear {unknown}
 k - a scroll of fog {unknown}
Potions
 e - a potion of haste
 f - a potion of brilliance {unknown}
 i - a potion of magic
 n - a potion of invisibility {unknown}


   Skills:
 - Level 1.4 Fighting
 + Level 3.4 Axes
 - Level 1.5 Dodging
 - Level 1.5 Stealth
 - Level 1.5 Spellcasting
 - Level 1.0 Conjurations
 * Level 6.1 Fire Magic


You had 4 spell levels left.
You knew the following spells:

 Your Spells              Type           Power      Damage    Failure   Level
a - Foxfire               Conj/Fire      52%        2x1d6     9%          1
b - Scorch                Fire           44%        2d7       4%          2

Your spell library contained the following spells:

 Spells                   Type           Power      Damage    Failure   Level
 Conjure Flame            Conj/Fire      13%        6-21      26%         3
 Inner Flame              Hex/Fire       11%        N/A       32%         3
 Flame Wave               Conj/Fire      13%        2d6       65%         4


Dungeon Overview and Level Annotations

Branches:
Dungeon (2/15)

Altars:
Ru

Annotations:
D:2 Crazy Yiuf, Robin


Message History

You are very lightly contaminated with residual magic.
Nothing appears to happen.
Robin is no longer more vulnerable to fire.
The goblin barely misses you.
Flames lash Robin.
Robin is severely wounded.
Robin's fire resistance burns away.
The goblin hits you with a +0 club.
Flames lash the goblin.
You kill the goblin!
Beogh accepts your kill. The goblin hits you but does no damage.
Crazy Yiuf yells, "Gnoll canine infinity!"
Robin drinks a potion.
Robin seems to grow stronger.
Flames lash the goblin.
You kill the goblin!
Beogh accepts your kill. The goblin hits you but does no damage.
You don't have enough magic to cast this spell.
You hit the goblin.
You kill the goblin!
Beogh accepts your kill. Robin throws the goblin at you!
You barely miss the goblin. You completely miss Crazy Yiuf.
Crazy Yiuf hits you with a +4 quarterstaff of chaos!
You are poisoned.
The goblin hits you but does no damage.
Your magical contamination has completely faded away.
Okay, then.
It was a potion of haste.
You feel yourself speed up.
You feel very sick.
Crazy Yiuf hits you with a +4 quarterstaff of chaos!
* * * LOW HITPOINT WARNING * * *
You feel drained.
* * * LOW HITPOINT WARNING * * *
The goblin hits you but does no damage.
It was a potion of magic.
Magic courses through your body.
* * * LOW HITPOINT WARNING * * *
You feel very sick.
Crazy Yiuf hits you with a +4 quarterstaff of chaos!
You die...

#.......#
#########
##### #..)#
#).)# ### ..)
#.. #)# #.#
♣♣g♣ #.# ♣g♣♣
#.# ♣♣@♣ #.#
♣g♣♣
######.######
♣♣.♣♣
(...........#
♣.PP♣♣
###########.#
♣.PP.♣ #.#
#....#
#.####..##
#........#
#####...##


You could see Crazy Yiuf, Robin (strong) and a goblin (strong).

Vanquished Creatures
  Sigmund (D:2)
  3 adders (D:2)
  A worm (D:2)
  4 ball pythons
  2 bats (D:1)
  2 endoplasms (D:1)
  A giant cockroach (D:1)
  8 goblins
  5 hobgoblins
  A kobold (D:2)
  2 quokkas
  A frilled lizard (D:1)
  2 rats
33 creatures vanquished.

Vanquished Creatures (others)
  A worm (D:2)
  An orc (D:2)
  2 jackals (D:2)
  31 foxfires
35 creatures vanquished.

Grand Total: 68 creatures vanquished

Notes
Turn   | Place    | Note
-------+----------+-------------------------------------------
     0 | D:1      | Flippered the Hill Orc Fire Elementalist began the quest
                  | for the Orb.
     0 | D:1      | Reached XP level 1. HP: 14/14 MP: 3/3
   191 | D:1      | Reached XP level 2. HP: 22/22 MP: 2/4
   286 | D:1      | Reached skill level 1 in Fighting
   508 | D:1      | Learned a level 2 spell: Scorch
   664 | D:2      | Reached skill level 4 in Fire Magic
   733 | D:2      | Became a worshipper of Beogh the Brigand
   818 | D:2      | Found a sacrificial altar of Ru.
   837 | D:2      | Noticed Sigmund
   870 | D:2      | Killed Sigmund
   871 | D:2      | Reached skill level 5 in Fire Magic
   871 | D:2      | Reached XP level 3. HP: 18/28 MP: 4/5
   871 | D:2      | Reached XP level 4. HP: 22/35 MP: 4/6
   871 | D:2      | Reached XP level 5. HP: 25/40 MP: 4/7
  1060 | D:2      | Reached skill level 6 in Fire Magic
  1321 | D:2      | Found a runed translucent door.
  1322 | D:2      | Noticed Crazy Yiuf
  1324 | D:2      | Noticed Robin
  1339 | D:2      | Demolished by Crazy Yiuf

Illustrated notes

Levels and vault maps discovered:
D:1:      amcnicky_arrival_blooded_trapdoor, layout_rooms, corner_web_ring
D:2:      cheibrodos_pilgrimage, layout_loops_ring, basic_altar,
          uniq_crazy_yiuf_cottage, uniq_robin, uniq_natasha, uniq_sigmund

Skill      XL: |  1  2  3  4  5 |
---------------+----------------+-----
Fighting       | 1 |  1.4
Fire Magic     | 5 6 |  6.1
Axes           | 3 |  3.4
Dodging        | |  1.5
Stealth        | |  1.5
Spellcasting   | |  1.5
Conjurations   | |  1.0

Action                   |  1- 3 |  4- 6 || total
-------------------------+-------+-------++-------
Melee: Dagger            |     3 |       ||     3
       Hand axe          |       |     2 ||     2
 Cast: Foxfire           |    16 |       ||    16
       Scorch            |    13 |    20 ||    33
Invok: Convert to Beogh  |     1 |       ||     1
  Use: Potion            |       |     2 ||     2
Armor: Robe              |     2 |       ||     2
       Ring mail         |       |     5 ||     5
Dodge: Dodged            |     2 |     6 ||     8
